 Dungeon Crawl Stone Soup version 0.26-a0-651-gb41185065b (webtiles) character file.

Game seed: 12048297777894524575

13 Lanoc the Cudgeler (level 2, -6/21 HPs)
             Began as an Octopode Chaos Knight on Oct 2, 2020.
             Was a Plaything of Xom.
             Mangled by an orc
             ... wielding a +1 morningstar of protection
              (11 damage)
             ... on level 3 of the Dungeon.
             The game lasted 00:00:36 (349 turns).

Lanoc the Cudgeler (Octopode Chaos Knight)           Turns: 349, Time: 00:00:36

Health: -6/21      AC:  1    Str: 11    XL:     2   Next: 37%
Magic:  2/2        EV: 13    Int: 14    God:    Xom [..*...]
Gold:   2          SH:  0    Dex: 11    Spells: 1/1 levels left

rFire    . . .     SeeInvis .   a - +0 mace (chaos)
rCold    . . .     Faith    .   (no shield)
rNeg     . . .     Spirit   .   (helmet restricted)
rPois    .         Reflect  .   (no amulet)
rElec    .         Harm     .   (no ring)
rCorr    .         Rampage  .   (no ring)
MR       .....                  (no ring)
Stlth    ++........             (no ring)
HPRegen  0.07/turn              (no ring)
MPRegen  0.08/turn              (no ring)
                                (no ring)
                                (no ring)

@: no status effects
A: almost no armour, stealthy swim, amphibious, 8 rings, constrict 8, camouflage
1, gelatinous body 1
a: Renounce Religion


You were on level 3 of the Dungeon.
You worshipped Xom.
You were a toy of Xom.
You visited 1 branch of the dungeon, and saw 3 of its levels.

You collected 2 gold pieces.

Inventory:

Hand Weapons
 a - a +0 mace of chaos (weapon)
Scrolls
 b - 5 scrolls of identify {unknown}
 c - a scroll of enchant weapon {unknown}


   Skills:
 + Level 3.2 Fighting
 * Level 3.3 Maces & Flails
 + Level 2.5 Dodging


You had one spell level left.
You didn't know any spells.
Your spell library was empty.

Dungeon Overview and Level Annotations

Branches:
Dungeon (3/15)

Altars:
Zin

Annotations:
D:3 2 transporters


Innate Abilities, Weirdness & Mutations

You cannot wear most types of armour.
You are very stealthy in the water. (Stealth+)
You are amphibious.
You can wear up to eight rings at the same time.
You can use your tentacles to constrict eight enemies at once.
Your skin changes colour to match your surroundings (Stealth+).
Your rubbery body absorbs attacks. (AC +1, EV +1)


Message History

You kill the orc!
You hit the orc.
The orc is poisoned.
You grab the orc.
The orc is moderately wounded.
You constrict the orc. The orc hits you.
You thump the orc! You burn the orc.
You kill the orc!
The orc hits you with a +1 morningstar of protection.
You hit the orc but do no damage. You drain the orc. Your grab misses the orc.
The orc is heavily wounded.
The orc hits you with a +1 morningstar of protection.
* * * LOW HITPOINT WARNING * * *
You are too injured to fight recklessly!
You are too injured to fight recklessly!
You hit the orc but do no damage. You grab the orc.
You squeeze the orc, but do no damage.
The orc is heavily wounded.
You constrict the orc, but do no damage.
The orc hits you with a +1 morningstar of protection!
Ouch! That really hurt!
You die...

#.....# ##...######.#
#.# #####.# #.....# #.#
#.# #.######...#### #.#
#.# ######
#.......).....###.####.#
.....#
#########..#...........#
####.# #..##.###.######
#≈8#.# #..######.#
#.P#.## #.........#
#.$#..## #@..>...###
+[©#©..# #o.####.#
#.$#...# ###..# # #
#.P#...## ####....###
#≈8#....# #............
####.##.# #.##....#.##.
.....##.# #.###...#.#
###.###.###.##......# #.
#...............


You could see an orc (drained).

Vanquished Creatures
  2 orcs (D:3)
  2 goblins
  A hobgoblin (D:3)
  A kobold (D:1)
  A ball python (D:2)
  3 bats
10 creatures vanquished.

Notes
Turn   | Place    | Note
-------+----------+-------------------------------------------
     0 | D:1      | Lanoc the Octopode Chaos Knight began the quest for the
                  | Orb.
     0 | D:1      | Reached XP level 1. HP: 16/16 MP: 1/1
   138 | D:3      | Reached XP level 2. HP: 21/21 MP: 2/2
   151 | D:3      | Found a glowing silver altar of Zin.
   170 | D:3      | Found a transporter.
   174 | D:3      | Found a transporter.
   242 | D:3      | XOM: silly message
   268 | D:3      | XOM: silly message
   349 | D:3      | Mangled by an orc

Illustrated notes

Levels and vault maps discovered:
D:1:      psy_arrival_terrarium, layout_basic, hex_medium, dk_noncrumbling_4
D:2:      layout_basic, nicolae_tso_swordbearing_angel, cheibriados_altar_1,
          serial_corexii_hall, corexii_hall_statues_i, corexii_hall_statues_x,
          chequers_hall_statues_wall_a, chequers_hall_statues_corner_a,
          corexii_hall_statues_i, corexii_hall_statues_x, uniq_natasha
D:3:      gammafunk_wand_slinger, layout_loops_corners,
          nicolae_overflow_hidden_temple, chequers_ecumenical_altar_grove,
          uniq_terence

Action                   || total
-------------------------++-------
Melee: Mace              ||    21
       Constrict         ||     8
       Tentacles         ||     2
 Stab: Sleeping          ||     2
Armor: Skin              ||     1
Dodge: Dodged            ||    14

Table legend: (Time is in decaauts)
 A = Elapsed time spent in this place.
 B = Non-inter-level travel time spent in this place.
 C = Inter-level travel time spent in this place.
 D = Time resting spent in this place.
 E = Time spent auto-exploring this place.
 F = Levels seen in this place.
 G = Mean time per level.
                   A        B        C        D        E       F      G
               +--------+--------+--------+--------+--------+-----+--------+
         Total |    353 |    341 |     12 |      0 |    273 |   3 |  117.7 |
       Dungeon |    353 |    341 |     12 |      0 |    273 |   3 |  117.7 |
               +--------+--------+--------+--------+--------+-----+--------+

Top non-repeatable levels by time:
     D:3: 256 daAuts
     D:2: 63 daAuts
     D:1: 32 daAuts
